 Dungeon Crawl Stone Soup version 0.27-a0-1532-gca18f49f40 (webtiles) character file.

Game seed: 4928145958432456444

7 lnt the Sneak (level 1, -2/9 HPs)
             Began as a Spriggan Enchanter on July 12, 2021.
             Slain by a jackal (3 damage)
             ... on level 1 of the Dungeon.
             The game lasted 00:04:39 (523 turns).

lnt the Sneak (Spriggan Enchanter)                   Turns: 523, Time: 00:04:40

Health: -2/9       AC:  2    Str:  4    XL:     1   Next: 91%
Magic:  5/5        EV: 18    Int: 16    God:
Gold:   48         SH:  0    Dex: 15    Spells: 4/5 levels left

rFire    . . .     SeeInvis +   a - +1 dagger
rCold    . . .     Faith    .   (shield restricted)
rNeg     . . .     Spirit   .   b - +0 robe
rPois    .         Reflect  .   (helmet restricted)
rElec    .         Harm     .   (no cloak)
rCorr    .         Rampage  .   (gloves unavailable)
Will     .....                  (boots unavailable)
Stlth    +++.......             (no amulet)
HPRegen  0.03/turn              (no ring)
MPRegen  0.09/turn              (no ring)

@: very quick
A: very small, no large weapons, unfitting armour, see invisible, speed 3
a: no special abilities


You were on level 1 of the Dungeon.
You visited 1 branch of the dungeon, and saw 1 of its levels.

You collected 48 gold pieces.

Inventory:

Hand Weapons
 a - a +1 dagger (weapon)
Missiles
 c - 22 stones
Armour
 b - a +0 robe (worn)
Scrolls
 d - a scroll of identify {unknown}
Potions
 e - a potion of might {unknown}


   Skills:
 - Level 1.1 Short Blades
 + Level 3.6 Dodging
 - Level 4.4 Stealth
 - Level 2.6 Spellcasting
 - Level 3.6 Hexes


You had 4 spell levels left.
You knew the following spells:

 Your Spells              Type           Power      Damage    Failure   Level
a - Corona                Hex            14%        N/A       4%          1

Your spell library contained the following spells:

 Spells                   Type           Power      Damage    Failure   Level
 Confusing Touch          Hex            13%        N/A       13%         3
 Tukima's Dance           Hex            13%        N/A       13%         3
 Ensorcelled Hibernation  Hex/Ice        14%        N/A       14%         2
 Freeze                   Ice            8%         1d3       19%         1
 Dazzling Flash           Conj/Hex       14%        N/A       28%         3
 Conjure Flame            Conj/Fire      2%         6-21      50%         3
 Frozen Ramparts          Ice            4%         1d2       50%         3
 Ignite Poison            Fire/Tmut/Pois 2%         N/A       50%         3
 Hailstorm                Conj/Ice       2%         3d3       88%         4
 Sticky Flame             Conj/Fire      2%         2d3       88%         4


Dungeon Overview and Level Annotations

Branches:
Dungeon (1/15)

Altars:


Innate Abilities, Weirdness & Mutations

You are very small and have problems with some larger weapons.
You are too small for most types of armour.
You have supernaturally acute eyesight. (SInv)
You cover ground extremely quickly. (Speed+++)


Message History

The jackal bites you.
You hit the jackal but do no damage. The jackal closely misses you.
You hit the jackal but do no damage. The jackal barely misses you.
You hit the jackal.
The jackal is lightly wounded.
The jackal completely misses you.
You hit the jackal but do no damage. The jackal closely misses you.
You hit the jackal but do no damage. You hit the jackal but do no damage.
The jackal is lightly wounded.
The jackal barely misses you.
You closely miss the jackal.
The jackal is lightly wounded.
The jackal completely misses you.
You barely miss the jackal.
The jackal is lightly wounded.
The jackal barely misses you.
You closely miss the jackal.
The jackal is lightly wounded.
The jackal bites you. x2
* * * LOW HITPOINT WARNING * * *
You hit the jackal but do no damage.
The jackal is lightly wounded.
The jackal closely misses you.
You hit the jackal but do no damage. The jackal misses you.
You closely miss the jackal. The jackal closely misses you.
The jackal barely misses you.
You hit the jackal but do no damage. The jackal closely misses you.
You hit the jackal but do no damage. The jackal completely misses you.
You hit the jackal.
The jackal is heavily wounded.
The jackal closely misses you. x2
You hit the jackal.
The jackal is almost dead.
The jackal bites you.
* * * LOW HITPOINT WARNING * * *
You barely miss the jackal.
The jackal is almost dead.
The jackal bites you.
You die...

..w......♣♣.♣♣
######......P♣####.#
......(...P........#
.........♣♣P.P#####
≈≈≈≈≈≈≈≈.♣♣..♣##..
≈≈≈####≈..#...##.#
####.<#≈..#.#h##.#
...'..#≈..#.#.##†#
+###'##≈..#...##@#
...#.#≈≈..#.####h#
#..#.#≈≈........h#
#..#.#≈≈......####
#8.'.'...........
#..#.#≈≈......####
#..#.#≈≈..#####
...#.#≈≈..#
'###+##≈..#


You could see 2 jackals.

Vanquished Creatures
  A ball python (D:1)
  3 bats (D:1)
  An endoplasm (D:1)
  A quokka (D:1)
  A spectral kobold (D:1)
7 creatures vanquished.

Vanquished Creatures (others)
  2 plants (D:1)
2 creatures vanquished.

Grand Total: 9 creatures vanquished

Notes
Turn   | Place    | Note
-------+----------+-------------------------------------------
     0 | D:1      | lnt the Spriggan Enchanter began the quest for the Orb.
     0 | D:1      | Reached XP level 1. HP: 9/9 MP: 5/5
   120 | D:1      | Found a faded altar of an unknown god.
   523 | D:1      | Slain by a jackal

Illustrated notes

Levels and vault maps discovered:
D:1:      heliophobic_arrival_glass_houses, layout_basic, serial_forest,
          infiniplex_forest_corner_1, infiniplex_forest_corner_1,
          infiniplex_forest_clump_curved, infiniplex_forest_corner_1,
          infiniplex_forest_corner_1, infiniplex_forest_end_2,
          infiniplex_forest_straight_4,
          dreamdust_ecumenical_altar_drowned_temple, minmay_misc_feat_x,
          st_stairs_5, minmay_pentomino_t2

Skill      XL: |  1 |
---------------+----+-----
Dodging        | 3 |  3.6
Short Blades   | |  1.1
Stealth        | |  4.4
Spellcasting   | |  2.6
Hexes          | |  3.6

Action                   || total
-------------------------++-------
Melee: Dagger            ||    56
 Cast: Corona            ||     3
 Stab: Sleeping          ||     2
Armor: Robe              ||     6
Dodge: Dodged            ||    61

Table legend: (Time is in decaauts)
 A = Elapsed time spent in this place.
 B = Non-inter-level travel time spent in this place.
 C = Inter-level travel time spent in this place.
 D = Time resting spent in this place.
 E = Time spent auto-exploring this place.
 F = Levels seen in this place.
 G = Mean time per level.
                   A        B        C        D        E       F      G
               +--------+--------+--------+--------+--------+-----+--------+
         Total |    386 |    386 |      0 |    105 |     59 |   1 |  386.0 |
       Dungeon |    386 |    386 |      0 |    105 |     59 |   1 |  386.0 |
               +--------+--------+--------+--------+--------+-----+--------+

Top non-repeatable levels by time:
     D:1: 386 daAuts
